 Dungeon Crawl Stone Soup version 0.32-a0-814-g0968bab981 (webtiles) character file.

Game seed: 13427135809267891367

2447 shadizar the Thaumaturge (level 9, -13/58 HPs)
             Began as a Djinni Alchemist on Mar 22, 2024.
             Mangled by Menkaure (14 damage)
             ... on level 7 of the Dungeon.
             The game lasted 00:09:03 (6789 turns).

shadizar the Thaumaturge (Djinni Alchemist)         Turns: 6789, Time: 00:09:03

Health: -13/58     AC:  5    Str: 10    XL:     9   Next: 78%
Gold:   269        EV: 12    Int: 22    God:
                   SH:  0    Dex: 13

rFire   + + +        y - +7 dagger of Causality {vamp, Str+3}
rCold   . . .        (no shield)
rNeg    . . .        c - +1 robe {rC+ rF+}
rPois   ∞            (no helmet)
rElec   .            z - +0 cloak
rCorr   .            o - +0 pair of gloves
SInv    .            (boots unavailable)
Will    +....        (no amulet)
Stlth   ++           p - ring of willpower
HPRegen 0.29/turn    (no ring)
MPRegen 0.00/turn

%: infuse magic (-14 HP)
@: flying
A: sickness immunity, fire resistance 2, cold vulnerability 1, float, innate
caster, HP casting, extra vitality 1
a: no special abilities


You were on level 7 of the Dungeon.
You visited 2 branches of the dungeon, and saw 8 of its levels.

You collected 269 gold pieces.

Inventory:

Hand Weapons
 y - the +7 dagger of Causality (weapon) {vamp, Str+3}
   (You found it on level 4 of the Dungeon)

   Str+3:     It affects your strength (+3).
Armour
 c - a +1 robe of resistance (worn)
 o - a +0 pair of gloves (worn)
 q - a +0 tower shield
 t - an orb of mayhem
 z - a +0 cloak (worn)
Magical Staves
 e - a staff of death
Jewellery
 p - a ring of willpower (left hand)
Wands
 n - a wand of mindburst (14)
 u - a wand of warping (4)
 A - a wand of flame (27)
 C - a wand of light (9)
Scrolls
 a - a scroll of vulnerability
 b - a scroll of fear
 k - 2 scrolls of identify
 l - 2 scrolls of revelation
 m - a scroll of enchant weapon
Potions
 d - a potion of berserk rage {unknown}
 f - a potion of brilliance
 g - 5 potions of curing
 h - a potion of magic {unknown}
 i - 2 potions of might
 j - 2 potions of enlightenment
 w - 3 potions of ambrosia {unknown}


   Skills:
 + Level 1.9 Fighting
 + Level 3.2 Dodging
 - Level 1.5 Stealth
 - Level 10.0 Spellcasting
 - Level 10.0 Conjurations
 - Level 10.0 Hexes
 - Level 10.0 Summonings
 - Level 10.0 Necromancy
 - Level 10.0 Translocations
 - Level 10.0 Fire Magic
 - Level 10.0 Ice Magic
 - Level 10.0 Air Magic
 - Level 10.0 Earth Magic
 - Level 10.0 Alchemy


You knew the following spells:

 Your Spells              Type           Power      Damage    Failure   Level
a - Sting                 Conj/Alch      100%       1d9       1%          1
b - Mercury Vapours       Alch/Air       100%       N/A       1%          2
c - Mephitic Cloud        Conj/Alch/Air  53%        N/A       1%          3
d - Olgreb's Toxic Radia  Alch           53%        N/A       1%          4
e - Sticky Flame          Fire/Alch      53%        2d9       1%          4
f - Apportation           Tloc           100%       N/A       1%          1
g - Momentum Strike       Conj/Tloc      100%       3d10      1%          2
h - Summon Ice Beast      Ice/Summ       53%        N/A       1%          3
i - Dimensional Bullseye  Hex/Tloc       26%        N/A       1%          4
Your spell library was empty.

Dungeon Overview and Level Annotations

Branches:
Dungeon (7/15)             Temple (1/1) D:4

Altars:
Ashenzari
Cheibriados
Elyvilon
Hepliaklqana
Okawaru
Qazlal
Ru
Trog
Uskayaw
Wu Jian
Yredelemnul
Zin
The Shining One

Shops:
D:1 *[   D:3 ?   D:7 :

Annotations:
D:7 Menkaure


Innate Abilities, Weirdness & Mutations

You are immune to sickness and miasma.
You are immune to poison.
Your flesh is very heat resistant. (rF++)
You are vulnerable to cold. (rC-)
You float through the air rather than walking.
You learn spells naturally, not from books.
Your magical power is your life essence.
You have superior vitality. (+4 MHP)


Message History

You can't see any susceptible monsters within range! (Use Z to cast anyway.) Unknown command.
Unknown command.
Unknown command.
Unknown command.
Unknown command.
Casting: Sting (safe; 1% risk of failure)
Confirm with . or Enter, or press ? or * to list all spells.
Okay, then.
Casting: Sting (safe; 1% risk of failure)
Confirm with . or Enter, or press ? or * to list all spells.
A chill wind blows around you.
Unknown command.
Unknown command.
Unknown command.
Unknown command.
Unknown command.
Unknown command.
The sting hits Menkaure but does no damage.
The sting hits Menkaure.
Menkaure partially resists.
Menkaure is lightly damaged.
Menkaure shouts, "The sands of time shall wipe you from history!"
Your ice beast hits Menkaure.
Your ice beast freezes Menkaure.
Menkaure resists.
The sting hits Menkaure.
Menkaure partially resists.
Menkaure is moderately damaged.
Menkaure gestures wildly while chanting.
Menkaure seems to speed up.
Your ice beast closely misses Menkaure.
The sting hits Menkaure.
Menkaure partially resists.
Menkaure is heavily damaged.
Menkaure calls on the powers of darkness!
Your body is wracked with pain!
Your ice beast convulses!
Your ice beast hits Menkaure but does no damage.
Menkaure hits you!
Your ice beast hits Menkaure but does no damage.
Menkaure attacks as he pursues you! Menkaure hits you!
* * * LOW HITPOINT WARNING * * *
Menkaure hits you!
You die...

...# .........# ...#
.........# #........
#.## .........#
#........ #.#
.######.## #........
#.# ######.#
#........ .#
.#......####........
#...........+........
###......####........
#......@M..........
#.........Y...#####
#...)..######.# #
#......# .# .
#......# # . #.....[#
######.. #..


You could see Menkaure (fast, ally target) and a friendly ice beast (summoned).

Vanquished Creatures
  Sigmund (D:3)
  A steam dragon (D:6)
  2 water moccasins (D:6)
  4 black bears
  A sky beast (D:5)
  An orc warrior (D:6)
  3 ogres
  A centaur (D:6)
  2 scorpions (D:5)
  6 killer bees (D:6)
  A howler monkey (D:5)
  2 bombardier beetles (D:6)
  A jelly (D:4)
  3 orc priests
  3 hounds
  3 iguanas
  A sleepcap (D:5)
  Natasha (twice) (D:4)
  2 orc wizards
  A gnoll (D:6)
  5 adders
  4 dart slugs
  5 ribbon worms
  14 orcs
  7 bats
  11 endoplasms
  4 giant cockroaches
  11 goblins
  10 hobgoblins
  7 jackals (D:1)
  2 quokkas
  7 ball pythons
  4 frilled lizards
  9 kobolds
  4 rats (D:1)
145 creatures vanquished.

Notes
Turn   | Place    | Note
-------+----------+-------------------------------------------
     0 | D:1      | shadizar the Djinni Alchemist began the quest for the Orb.
     0 | D:1      | shadizar set off with the following spells memorised:
                  | Sting, Mercury Vapours, Mephitic Cloud, Olgreb's Toxic
                  | Radiance, Sticky Flame.
     0 | D:1      | Reached XP level 1. HP: 15/15 MP: 0/0
    24 | D:1      | Found Zureeg's Armour Boutique.
    99 | D:1      | Found a faded altar of an unknown god.
   147 | D:1      | Reached XP level 2. HP: 13/21 MP: 0/0
   295 | D:1      | Reached XP level 3. HP: 6/25 MP: 0/0
   295 | D:1      | Learned a level 1 spell: Apportation
   715 | D:1      | Found Engip's Assorted Antiques.
  1094 | D:2      | Reached XP level 4. HP: 19/31 MP: 0/0
  1815 | D:3      | Reached XP level 5. HP: 29/35 MP: 0/0
  1815 | D:3      | Learned a level 2 spell: Momentum Strike
  1879 | D:3      | Found Gesoisyduo's Magic Scroll Emporium.
  2114 | D:3      | Reached skill level 5 in Spellcasting
  2114 | D:3      | Reached skill level 5 in Conjurations
  2114 | D:3      | Reached skill level 5 in Hexes
  2114 | D:3      | Reached skill level 5 in Summonings
  2114 | D:3      | Reached skill level 5 in Necromancy
  2114 | D:3      | Reached skill level 5 in Translocations
  2114 | D:3      | Reached skill level 5 in Fire Magic
  2114 | D:3      | Reached skill level 5 in Ice Magic
  2114 | D:3      | Reached skill level 5 in Air Magic
  2114 | D:3      | Reached skill level 5 in Earth Magic
  2114 | D:3      | Reached skill level 5 in Alchemy
  2132 | D:3      | Noticed Sigmund
  2142 | D:3      | Killed Sigmund
  2143 | D:3      | Reached XP level 6. HP: 29/40 MP: 0/0
  2526 | D:4      | Noticed an ogre
  2536 | D:4      | Killed an ogre
  2537 | D:4      | Reached XP level 7. HP: 38/45 MP: 0/0
  2537 | D:4      | Learned a level 3 spell: Summon Ice Beast
  2621 | D:4      | Found a staircase to the Ecumenical Temple.
  2638 | Temple   | Entered the Ecumenical Temple
  2944 | D:4      | Identified the +7 dagger of Causality {vamp, Str+3}
  3058 | D:4      | Noticed Natasha
  3067 | D:4      | Killed Natasha
  3297 | D:4      | Noticed Natasha
  3302 | D:4      | Killed Natasha
  3460 | D:5      | Entered Level 5 of the Dungeon
  3828 | D:5      | Found a hide-covered altar of Uskayaw.
  3881 | D:5      | Reached XP level 8. HP: 47/50 MP: 0/0
  5023 | D:6      | Reached XP level 9. HP: 16/55 MP: 0/0
  5023 | D:6      | Learned a level 4 spell: Dimensional Bullseye
  5988 | D:6      | Reached skill level 10 in Spellcasting
  5988 | D:6      | Reached skill level 10 in Conjurations
  5988 | D:6      | Reached skill level 10 in Hexes
  5988 | D:6      | Reached skill level 10 in Summonings
  5988 | D:6      | Reached skill level 10 in Necromancy
  5988 | D:6      | Reached skill level 10 in Translocations
  5988 | D:6      | Reached skill level 10 in Fire Magic
  5988 | D:6      | Reached skill level 10 in Ice Magic
  5988 | D:6      | Reached skill level 10 in Air Magic
  5988 | D:6      | Reached skill level 10 in Earth Magic
  5988 | D:6      | Reached skill level 10 in Alchemy
  5994 | D:6      | Reached skill level 1 in Fighting
  6303 | D:7      | Found Feloc's Self-Published Books.
  6778 | D:7      | Noticed Menkaure
  6788 | D:7      | HP: 1/58 [Menkaure (17)]
  6789 | D:7      | Mangled by Menkaure

Illustrated notes

Levels and vault maps discovered:
D:1:      lightli_arrival_quake, layout_basic,
          hellmonk_ecumenical_altar_pennies_from_heaven, serial_shops, shop,
          shop
D:2:      minmay_evil_eye, layout_rooms, hex_tiny, chequers_arboretum,
          minmay_door_square, reono_crystal_passage
D:3:      layout_basic, serial_shops, shop, uniq_sigmund
D:4:      layout_loops_ring, minmay_temple_entry_statues_pillars,
          amcnicky_mini_corridor_feature, kennysheep_cluttered_room,
          uniq_natasha
D:5:      layout_loops_cross, nicolae_uskayaw_murder_on_the_dancefloor,
          chequers_serial_rivers_room_b
D:6:      layout_loops_ring, supply_closet_lemuel, nrook_mini_backslash,
          kennysheep_potato
D:7:      layout_basic, demons_altar, nicolae_custom_books, uniq_menkaure
Temple:   hellmonk_temple_of_storms

Skill      XL: |  1  2  3  4  5  6  7  8  9 |
---------------+----------------------------+-----
Spellcasting   | 4 5 6 7 8 10 | 10.0
Conjurations   | 4 5 6 7 8 10 | 10.0
Hexes          | 4 5 6 7 8 10 | 10.0
Summonings     | 4 5 6 7 8 10 | 10.0
Necromancy     | 4 5 6 7 8 10 | 10.0
Translocations | 4 5 6 7 8 10 | 10.0
Fire Magic     | 4 5 6 7 8 10 | 10.0
Ice Magic      | 4 5 6 7 8 10 | 10.0
Air Magic      | 4 5 6 7 8 10 | 10.0
Earth Magic    | 4 5 6 7 8 10 | 10.0
Alchemy        | 4 5 6 7 8 10 | 10.0
Fighting       | 1 |  1.9
Dodging        | 3 |  3.2
Stealth        | |  1.5

Action                     |  1- 3 |  4- 6 |  7- 9 || total
---------------------------+-------+-------+-------++-------
  Melee: Dagger            |       |       |     3 ||     3
   Cast: Sting             |    75 |   102 |   228 ||   405
         Mephitic Cloud    |     1 |     3 |    21 ||    25
         Summon Ice Beast  |       |       |     1 ||     1
    Use: Scroll            |       |       |    15 ||    15
 Armour: Robe              |    15 |     5 |    70 ||    90
  Dodge: Dodged            |    20 |     3 |    74 ||    97

Table legend: (Time is in decaauts)
 A = Elapsed time spent in this place.
 B = Non-inter-level travel time spent in this place.
 C = Inter-level travel time spent in this place.
 D = Time resting spent in this place.
 E = Time spent auto-exploring this place.
 F = Levels seen in this place.
 G = Mean time per level.
                   A        B        C        D        E       F      G
               +--------+--------+--------+--------+--------+-----+--------+
         Total |   6789 |   6668 |    121 |      0 |   5568 |   8 |  848.6 |
       Dungeon |   6740 |   6619 |    121 |      0 |   5568 |   7 |  962.9 |
        Temple |     49 |     49 |      0 |      0 |      0 |   1 |   49.0 |
               +--------+--------+--------+--------+--------+-----+--------+

Top non-repeatable levels by time:
     D:6: 1514 daAuts
     D:5: 1176 daAuts
     D:4: 1154 daAuts
     D:1: 1016 daAuts
     D:2: 709 daAuts
     D:3: 664 daAuts
     D:7: 503 daAuts
  Temple: 49 daAuts
